AoeStats
← Zortopos

Arabia

509972406Analyzed
3v3 RM · 3d ago on Sep 28, 2026· 49m 58s· 6 players
Game mode
Random Map
Map size
Normal (6 player)
Population
200
Speed
Normal
Resources
Standard
Victory
Conquest
Starting age
Dark Age
Ending age
Imperial Age
RankedLock teamsTeams togetherTeam positionsShared explorationLock speedFull tech treeHidden civsTurbo modeCheats
Victory
Defeat
🇲🇹 Mongols · Malta
1107
+12
🇹🇷 Chinese · Türkiye
1078
+13
🇵🇹 Franks · Portugal
1063
+15
🇪🇨 Franks · Ecuador
1047
-14
🇳🇱 Spanish · Netherlands
1013
-13
🇲🇽 Gurjaras · Mexico
1006
-13
Zortopos
1:01 Loom
10:15 Feudal Age
12:42 Double-Bit Axe
17:02 Fletching
19:53 Castle Age
19:16 Padded Archer Armor
20:55 Bow Saw
21:56 Stone Mining
22:05 Bodkin Arrow
22:33 Horse Collar
27:00 Wheelbarrow
30:52 Leather Archer Armor
34:11 Imperial Age
32:18 Thumb Ring
32:27 Murder Holes
32:43 Masonry
33:08 Pikeman
34:06 Scale Mail Armor
34:17 Forging
35:06 Chain Mail Armor
35:21 Gold Mining
35:38 Heavy Plow
36:09 Halberdier
38:25 Ballistics
38:25 Bracer
38:57 Plate Mail Armor
40:01 Squires
41:50 Chemistry
40:45 Town Watch
44:00 Ring Archer Armor
44:06 Iron Casting
43:34 Arson
45:29 Hand Cart
44:42 Elite Chu Ko Nu
49:11 Architecture
49:56 Blast Furnace
48:38 Capped Ram
JuLi4n00
6:18 Loom
8:32 Feudal Age
9:13 Double-Bit Axe
16:22 Horse Collar
17:20 Wheelbarrow
22:25 Castle Age
20:51 Scale Barding Armor
20:58 Forging
21:21 Gold Mining
22:58 Bloodlines
24:40 Iron Casting
24:26 Chain Barding Armor
34:29 Imperial Age
32:14 Fletching
32:25 Padded Archer Armor
33:21 Ballistics
34:11 Bodkin Arrow
34:32 Leather Archer Armor
34:39 Elite Mangudai
35:47 Conscription
35:38 Bracer
36:13 Hand Cart
36:46 Drill
39:15 Scale Mail Armor
38:41 Capped Ram
40:23 Gold Shaft Mining
39:39 Stone Mining
42:31 Chemistry
41:01 Siege Ram
!
8:51 Loom
10:37 Feudal Age
15:17 Castle Age
13:51 Double-Bit Axe
19:59 Husbandry
24:09 Bow Saw
24:50 Scale Barding Armor
25:06 Forging
26:10 Gold Mining
28:05 Wheelbarrow
29:53 Chain Barding Armor
31:10 Iron Casting
31:47 Hand Cart
31:19 Town Watch
32:55 Gold Shaft Mining
36:26 Imperial Age
34:32 Ballistics
34:23 Masonry
34:11 Stone Mining
36:35 Pikeman
37:15 Squires
37:01 Arson
37:12 Cavalier
37:51 Fletching
39:42 Plate Barding Armor
39:11 Scale Mail Armor
40:11 Blast Furnace
40:09 Fervor
40:20 Sanctity
40:20 Paladin
47:55 Bodkin Arrow
50:26 Conscription
aclcbrn
2:32 Loom
11:19 Feudal Age
11:47 Double-Bit Axe
16:44 Castle Age
21:53 Gold Mining
22:38 Horse Collar
31:50 Imperial Age
31:05 Town Watch
31:55 Wheelbarrow
31:22 Murder Holes
31:37 Stone Mining
32:43 Bow Saw
34:30 Two-Man Saw
34:03 Heavy Plow
36:43 Chemistry
36:04 Ballistics
36:31 Conscription
35:34 Light Cavalry
36:30 Bloodlines
36:43 Forging
37:16 Scale Barding Armor
Legatus
10:01 Feudal Age
10:45 Double-Bit Axe
16:43 Horse Collar
18:39 Forging
21:56 Castle Age
21:04 Bloodlines
23:39 Scale Barding Armor
23:39 Husbandry
24:47 Scale Mail Armor
26:39 Wheelbarrow
31:03 Bow Saw
32:12 Gold Mining
33:33 Chain Barding Armor
38:10 Imperial Age
36:08 Hand Cart
35:40 Loom
36:55 Iron Casting
37:36 Light Cavalry
40:04 Town Watch
41:31 Conscription
42:00 Heavy Plow
41:51 Stone Mining
42:55 Plate Barding Armor
41:44 Heavy Camel Rider
46:06 Man-at-Arms
Bry.D
8:31 Loom
15:02 Feudal Age
16:00 Fishing Lines
17:08 Double-Bit Axe
22:52 Castle Age
23:51 Gillnets
26:41 Wheelbarrow
25:40 Pikeman
27:24 Bow Saw
29:06 Husbandry
29:19 Fletching
29:59 Hand Cart
33:35 Bodkin Arrow
36:52 Forging
36:47 Scale Barding Armor
37:13 Town Watch
39:07 Iron Casting
38:55 Chain Barding Armor
41:35 Imperial Age
41:54 Town Patrol
41:43 Cavalier
43:25 Blast Furnace
43:00 Plate Barding Armor
43:25 Blast Furnace
43:00 Plate Barding Armor
44:02 Paladin
46:13 Padded Archer Armor
46:37 Scale Mail Armor
46:34 Heavy Mounted Crossbowman
46:34 Cranequins
49:00 Chain Mail Armor
49:02 Leather Archer Armor
48:20 Elite Skirmisher
Connection lost

Rejoining the realm…

Still unreachable

The connection could not be restored.

Session expired

The server has moved on; the page needs a fresh start.